 Dungeon Crawl Stone Soup version 0.30.0-29-ga12c61a403 (webtiles) character file.

Game seed: 5673633736313315717

235 safid the Chiller (level 6, 0/47 HPs)
             Began as a Merfolk Ice Elementalist on June 16, 2023.
             Was an Initiate of Vehumet.
             Slain by Edmund
             ... wielding a +5 dire flail of protection
              (1 damage)
             ... on level 4 of the Dungeon.
             The game lasted 00:04:07 (3695 turns).

safid the Chiller (Merfolk Ice Elementalist)        Turns: 3695, Time: 00:04:08

Health: 0/47       AC: 10    Str: 10    XL:     6   Next: 5%
Magic:  3/11       EV: 18    Int: 16    God:    Vehumet [......]
Gold:   203        SH:  0    Dex: 18    Spells: 5/12 levels left

rFire   x . .        m - +4 sling of Plague {flame, rPois rF- Dex+3}
rCold   . . .        (no shield)
rNeg    . . .        a - +0 robe
rPois   +            n - +0 helmet
rElec   .            w - +0 cloak
rCorr   .            y - +1 pair of gloves "Iraataliu" {Str+2 Stlth+}
SInv    .            (no boots)
Will    .....        (no amulet)
Stlth   +++          l - +4 ring of protection
HPRegen 0.27/turn    s - +5 ring of evasion
MPRegen 0.12/turn

%: no passive effects
@: very slightly contaminated
A: (nimble swimmer 2), mertail
a: Renounce Religion


You were on level 4 of the Dungeon.
You worshipped Vehumet.
Vehumet was noncommittal.
You visited 1 branch of the dungeon, and saw 4 of its levels.

You collected 203 gold pieces.

Inventory:

Hand Weapons
 m - the +4 sling of Plague (weapon) {flame, rPois rF- Dex+3}
   (You found it on level 2 of the Dungeon)

   Dex:       It affects your dexterity (+3).
   rF:        It makes you vulnerable to fire.
   rPois:     It protects you from poison.
Armour
 a - a +0 robe (worn)
 n - a +0 helmet (worn)
 w - a +0 cloak (worn)
 y - the +1 pair of gloves "Iraataliu" (worn) {Str+2 Stlth+}
   (You found it on level 4 of the Dungeon)

   Str:       It affects your strength (+2).
   Stlth:     It makes you more stealthy.
Jewellery
 c - a ring of flight
 l - a +4 ring of protection (left hand)
 s - a +5 ring of evasion (right hand)
Wands
 x - a wand of flame (25)
Scrolls
 d - 4 scrolls of teleportation {unknown}
 e - 2 scrolls of magic mapping {unknown}
 g - a scroll of poison {unknown}
 j - 4 scrolls of silence {unknown}
 k - a scroll of vulnerability {unknown}
 o - 3 scrolls of identify {unknown}
 r - 3 scrolls of blinking {unknown}
 t - 3 scrolls of fear {unknown}
Potions
 b - a potion of magic
 f - a potion of degeneration {unknown}
 h - 3 potions of curing {unknown}
 i - a potion of might {unknown}
 p - a potion of invisibility {unknown}
 q - a potion of flight {unknown}
 u - a potion of ambrosia {unknown}
 v - a potion of berserk rage {unknown}


   Skills:
 + Level 3.4 Fighting
 - Level 2.6 Dodging
 - Level 2.1 Stealth
 + Level 3.6 Spellcasting
 + Level 5.7 Ice Magic


You had 5 spell levels left.
You knew the following spells:

 Your Spells              Type           Power      Damage    Failure   Level
a - Freeze                Ice            84%        1d9       1%          1
b - Frozen Ramparts       Ice            42%        1d7       4%          3
c - Ozocubu's Armour      Ice            21%        N/A       4%          3

Your spell library contained the following spells:

 Spells                   Type           Power      Damage    Failure   Level
 Sublimation of Blood     Necr           2%         N/A       26%         2
 Summon Ice Beast         Ice/Summ       12%        N/A       47%         4
 Petrify                  Tmut/Erth      2%         N/A       87%         4
 Irradiate                Conj/Tmut      1%         3d12      99%         5


Dungeon Overview and Level Annotations

Branches:
Dungeon (4/15)             Temple (0/1) D:4

Altars:
Cheibriados
Nemelex Xobeh
Okawaru
Vehumet

Annotations:
D:4 Edmund


Innate Abilities, Weirdness & Mutations

((You are very nimble when in or above water. (Stealth+, EV+, Speed+++)))
Your lower body shifts to a powerful aquatic tail in water.


Message History

You shoot a sling bullet. The sling bullet barely misses Edmund.
The wall freezes Edmund but does no damage.
Edmund barely misses you.
The wall freezes Edmund but does no damage.
Edmund hits you with a +5 dire flail of protection!
You are too injured to fight recklessly!
Casting: Frozen Ramparts (dangerous; 4% risk of failure)
Confirm with . or Enter, or press ? or * to list all spells.
You miscast Ozocubu's Armour.
You are very lightly contaminated with residual magic.
Nothing appears to happen.
The frozen ramparts melt away.
Edmund misses you.
Unknown command.
You are too injured to fight recklessly!
Casting: Ozocubu's Armour (dangerous; 4% risk of failure)
Confirm with . or Enter, or press ? or * to list all spells.
Aiming: Freeze (safe; 1% risk of failure)
Press: ? - help, Shift-Dir - straight line, f/p - Edmund
Aim: Edmund, wielding a +5 dire flail of protection and wearing a +0 chain mail (heavily wounded)
You freeze Edmund.
Edmund is heavily wounded.
Edmund hits you with a +5 dire flail of protection!
* * * LOW HITPOINT WARNING * * *
Casting: Freeze (safe; 1% risk of failure)
Confirm with . or Enter, or press ? or * to list all spells.
Aiming: Freeze (safe; 1% risk of failure)
Press: ? - help, Shift-Dir - straight line, f/p - Edmund
Aim: Edmund, wielding a +5 dire flail of protection and wearing a +0 chain mail (heavily wounded)
You freeze Edmund.
Edmund is heavily wounded.
Edmund hits you with a +5 dire flail of protection.
* * * LOW HITPOINT WARNING * * *
Casting: Freeze (safe; 1% risk of failure)
Confirm with . or Enter, or press ? or * to list all spells.
Aiming: Freeze (safe; 1% risk of failure)
Press: ? - help, Shift-Dir - straight line, f/p - Edmund
Aim: Edmund, wielding a +5 dire flail of protection and wearing a +0 chain mail (heavily wounded)
You freeze Edmund.
Edmund is severely wounded.
Edmund hits you with a +5 dire flail of protection.
You die...

..#.## #....PP####.#
.....####...PP#..#.#
.###......#####..#.## .#
#####..# ..#.(# ### #..#
##.#..# ..# #..#
##..#..# #.## #..#.
#)..#..### #..###
##.#..##.@#.#..###
##...# #.#.....@#.##...#
###.####.#..#.....#..#.#
#...##.# #.....#.#..#
###..#.# #...#...##.#
##...# #...#..#####
##..# #...#..# #..#
#...#..# ##.# ....#.##
#.# ...#[#.#


You could see Edmund.

Vanquished Creatures
  An orc priest (D:4)
  2 orc wizards (D:4)
  Robin (D:2)
  6 adders
  A worm (D:2)
  3 dart slugs
  4 orcs
  5 endoplasms
  3 giant cockroaches
  16 goblins
  9 hobgoblins
  6 jackals (D:4)
  5 kobolds
  2 quokkas
  3 ball pythons
  4 bats (D:1)
  A frilled lizard (D:1)
  4 rats
76 creatures vanquished.

Notes
Turn   | Place    | Note
-------+----------+-------------------------------------------
     0 | D:1      | safid the Merfolk Ice Elementalist began the quest for the
                  | Orb.
     0 | D:1      | Reached XP level 1. HP: 13/13 MP: 3/3
   212 | D:1      | Reached XP level 2. HP: 16/20 MP: 0/5
   355 | D:1      | Reached skill level 1 in Fighting
  1263 | D:2      | Identified the +4 sling of Plague {flame, rPois rF- Dex+3}
  1322 | D:2      | Found a faded altar of an unknown god.
  1338 | D:2      | Reached XP level 3. HP: 26/26 MP: 6/6
  1390 | D:2      | Learned a level 3 spell: Frozen Ramparts
  1447 | D:2      | Noticed Robin
  1452 | D:2      | Reached skill level 5 in Ice Magic
  1452 | D:2      | Reached XP level 4. HP: 24/33 MP: 3/8
  1458 | D:2      | Killed Robin
  1471 | D:2      | Learned a level 3 spell: Ozocubu's Armour
  2434 | D:3      | Reached XP level 5. HP: 39/39 MP: 9/9
  2472 | D:3      | Found an iron altar of Okawaru.
  2896 | D:4      | Found a radiant altar of Vehumet.
  2906 | D:4      | Became a worshipper of Vehumet
  2991 | D:4      | Identified the +1 pair of gloves "Iraataliu" {Str+2 Stlth+}
  3168 | D:4      | Found a staircase to the Ecumenical Temple.
  3249 | D:4      | Reached XP level 6. HP: 47/47 MP: 2/11
  3563 | D:4      | Found a sparkling altar of Nemelex Xobeh.
  3567 | D:4      | Found a snail-covered altar of Cheibriados.
  3683 | D:4      | Noticed Edmund
  3694 | D:4      | HP: 1/47 [Edmund/+5 dire flail of protection (5)]
  3695 | D:4      | Slain by Edmund

Illustrated notes

Levels and vault maps discovered:
D:1:      dpeg_arrival_orchard, layout_basic
D:2:      layout_basic, hellmonk_ecumenical_altar_lost_god,
          serial_co_window_serial, co_window_paths_a, co_window_paths_a,
          co_window_corner_a, co_window_paths_a, co_window_paths_a,
          co_window_unsneaky_path_d, co_window_broadway_a,
          co_window_of_opportunity_c, co_window_broadway_b, co_window_corner_b,
          co_window_unsneaky_path_d, co_window_paths_d, co_window_paths_e,
          glass_columns_b, glass_columns_a, glass_columns_b, glass_columns_a,
          glass_columns_a, minmay_statues_item, uniq_robin
D:3:      layout_rooms, okawaru_metal_pillars_1_2
D:4:      layout_cave_pods, vehumet_altar_wand_db, minitemple,
          minmay_temple_entry_glassed_door, sigmund_edmund_badplayer

Skill      XL: |  1  2  3  4  5 |
---------------+----------------+-----
Fighting       | 1 2 3 |  3.4
Ice Magic      | 5 |  5.7
Spellcasting   | 3 |  3.6
Dodging        | |  2.6
Stealth        | |  2.1

Action                     |  1- 3 |  4- 6 || total
---------------------------+-------+-------++-------
  Melee: Dagger            |    23 |       ||    23
   Fire: Sling             |    14 |    87 ||   101
   Cast: Freeze            |    23 |     3 ||    26
         Frozen Ramparts   |     1 |     3 ||     4
         Ozocubu's Armour  |       |     1 ||     1
   Stab: Sleeping          |     4 |       ||     4
 Armour: Robe              |    13 |    24 ||    37
  Dodge: Dodged            |    32 |    34 ||    66
